 Dungeon Crawl Stone Soup version 0.27.1-37-g7b29ead8ac (webtiles) character file.

Game seed: 4585498850334101668

170 AarnesTheHuman the Changer (level 5, -1/58 HPs)
             Began as a Merfolk Transmuter on Aug 28, 2023.
             Slain by a kobold brigand (5 damage)
             ... on level 4 of the Dungeon.
             The game lasted 00:06:48 (3831 turns).

AarnesTheHuman the Changer (Merfolk Transmuter)     Turns: 3831, Time: 00:06:48

Health: -1/58      AC: 22    Str: 10    XL:     5   Next: 51%
Magic:  6/9        EV:  2    Int: 14    God:
Gold:   65         SH:  0    Dex: 14    Spells: 3/9 levels left

rFire    . . .     SeeInvis .   a - +0 dagger (drain)
rCold    . . .     Faith    .   (no shield)
rNeg     + + +     Spirit   .   (armour currently unavailable)
rPois    +         Reflect  .   (helmet currently unavailable)
rElec    .         Harm     .   (cloak currently unavailable)
rCorr    .         Rampage  .   (gloves currently unavailable)
Will     .....     NoTele   +   (boots currently unavailable)
Stlth    ++........             (no amulet)
HPRegen  0.19/turn              (no ring)
MPRegen  0.11/turn              (no ring)

@: tree-form, wereblooded
A: stationary, stasis, torment immunity, boosted hp, (nimble swimmer 2),
(mertail)
a: no special abilities


You were on level 4 of the Dungeon.
You were a tree.
You visited 1 branch of the dungeon, and saw 4 of its levels.

You collected 65 gold pieces.

Inventory:

Hand Weapons
 a - a +0 dagger of draining (weapon)
 b - a +1 dagger of holy wrath
 f - a +0 hand axe
Missiles
 k - 23 sling bullets
 o - 15 poisoned darts
Armour
 i - a +0 pair of gloves (melded)
 j - the +0 leather armour of the Hidden Vale (melded) {rPois Stlth+}
   (You found it on level 4 of the Dungeon)

   rPois:     It protects you from poison.
   Stlth:     It makes you more stealthy.
Scrolls
 e - a scroll of teleportation
Potions
 c - a potion of ambrosia
 d - a potion of magic
 l - a potion of heal wounds {unknown}
 m - a potion of lignification


   Skills:
 + Level 2.7 Fighting
 - Level 3.0 Dodging
 - Level 1.0 Stealth
 - Level 3.2 Unarmed Combat
 + Level 2.9 Spellcasting
 + Level 5.1 Transmutations
 + Level 1.1 Poison Magic


You had 3 spell levels left.
You knew the following spells:

 Your Spells              Type           Power      Damage    Failure   Level
a - Beastly Appendage     Tmut           32%        N/A       2%          1
b - Wereblood             Tmut           16%        N/A       4%          2
c - Spider Form           Tmut/Pois      5%         N/A       19%         3

Your spell library contained the following spells:

 Spells                   Type           Power      Damage    Failure   Level
 Pain                     Necr           8%         1d4       22%         1
 Ice Form                 Ice/Tmut       9%         N/A       58%         4
 Agony                    Necr           2%         N/A       99%         5
 Excruciating Wounds      Necr           1%         N/A       99%         5
 Iskenderun's Battlesphe  Conj           2%         2d6       99%         5
 Iron Shot                Conj/Erth      1%         9d1       100%        6
 Spellforged Servitor     Conj/Summ      1%         N/A       100%        7


Dungeon Overview and Level Annotations

Branches:
Dungeon (4/15)
 Temple: D:4-7

Altars:

Shops:
D:3 *   D:4 (

Annotations:
D:1 exclusion: downstairs
D:2 Sigmund
D:3 1 runed translucent door, exclusions: door and downstairs, Froggeryz's ghost, amateur OpBe
D:4 exclusion: skeleton


Innate Abilities, Weirdness & Mutations

You are a tree.
Your roots penetrate the ground, keeping you stationary.
You cannot be teleported.
You are immune to unholy pain and torment.
Your maximum health is greatly increased.
Your equipment is partially melded.
((You are quick and stealthy near water. (Stealth+, EV+, Speed+++)))
((Your lower body shifts to a powerful aquatic tail in water.))


Message History

You hit the kobold brigand.
The kobold brigand is severely wounded.
The adder bites you. The kobold brigand barely misses you.
You closely miss the kobold brigand.
The kobold brigand is severely wounded.
The adder barely misses you.
The kobold brigand hits you with a +0 club.
You hit the kobold brigand. You headbutt the kobold brigand.
The kobold brigand is almost dead.
The adder bites you.
* * * LOW HITPOINT WARNING * * *
The kobold brigand barely misses you. The adder closely misses you.
You hit the kobold brigand. You drain the kobold brigand.
The kobold brigand is almost dead.
The adder closely misses you.
The kobold brigand hits you with a +0 club.
* * * LOW HITPOINT WARNING * * *
You barely miss the kobold brigand.
The kobold brigand is almost dead.
Your horns disappear.
The adder bites you.
* * * LOW HITPOINT WARNING * * *
The kobold brigand hits you with a +0 club.
* * * LOW HITPOINT WARNING * * *
Unknown command.
Really quaff the potion of lignification?
You turn into a tree.
Your +0 pair of gloves melds into your body.
The +0 leather armour of the Hidden Vale {rPois Stlth+} melds into your body.
Your roots penetrate the ground.
The adder bites you but does no damage.
The kobold brigand hits you but does no damage.
You closely miss the kobold brigand.
The kobold brigand is almost dead.
The adder bites you but does no damage. x2
The kobold brigand barely misses you.
You closely miss the kobold brigand.
The kobold brigand is almost dead.
The adder bites you but does no damage.
The kobold brigand hits you with a +0 club.
You die...

.###.....(.....#.#
#### #.#.. . .#
##...###....# #.#.. .
## #.### ###..# ### #.
.. #.# #..# .. .. #.#
##.########### #.#
#............ #.#
##.#######... ...##
##K.#####....
##Z.######..♣S........
##........###........
#.........# #####....
#.........## ...
#..####(...# . #..#
##...#### # #.##
##.....# ##
#.#######.....#
.#####.........÷####


You could see a kobold brigand (drained) and an adder.

Vanquished Creatures
  2 centaur skeletons (D:4)
  Jessica (D:3)
  5 adders
  A worm (D:3)
  A dart slug (D:1)
  A bat (D:2)
  6 endoplasms
  3 giant cockroaches
  5 goblins
  2 hobgoblins (D:3)
  4 kobolds
  A quokka (D:2)
  3 ball pythons
  3 frilled lizards
  A rat (D:1)
39 creatures vanquished.

Notes
Turn   | Place    | Note
-------+----------+-------------------------------------------
     0 | D:1      | AarnesTheHuman the Merfolk Transmuter began the quest for
                  | the Orb.
     0 | D:1      | Reached XP level 1. HP: 15/15 MP: 3/3
   116 | D:1      | Reached skill level 1 in Stealth
   160 | D:1      | Reached skill level 3 in Transmutations
   162 | D:1      | Reached XP level 2. HP: 21/21 MP: 5/5
  1079 | D:2      | Reached skill level 4 in Transmutations
  1087 | D:2      | Learned a level 2 spell: Wereblood
  1180 | D:2      | Reached XP level 3. HP: 13/26 MP: 4/6
  1508 | D:2      | Noticed Sigmund
  1821 | D:3      | Found a runed translucent door.
  1821 | D:3      | Noticed Froggeryz's ghost (amateur OpBe)
  1838 | D:3      | Noticed Jessica
  1845 | D:3      | Killed Jessica
  1846 | D:3      | Reached XP level 4. HP: 33/33 MP: 5/7
  2020 | D:3      | Found Rokuze's Assorted Antiques.
  2099 | D:3      | Found a faded altar of an unknown god.
  2539 | D:3      | Learned a level 3 spell: Spider Form
  2956 | D:4      | Found Navvos's Antique Weapon Shoppe.
  2956 | D:4      | Noticed a kobold brigand
  3098 | D:4      | Reached XP level 5. HP: 34/39 MP: 9/9
  3155 | D:4      | Reached skill level 5 in Transmutations
  3155 | D:4      | Reached skill level 1 in Poison Magic
  3291 | D:4      | Identified the +0 leather armour of the Hidden Vale {rPois
                  | Stlth+}
  3831 | D:4      | Slain by a kobold brigand

Illustrated notes

Levels and vault maps discovered:
D:1:      minmay_arrival_nine_rooms, layout_basic, minivault_14
D:2:      layout_rooms, uniq_sigmund
D:3:      layout_basic, shapermc_ecumenical_altar_mp_vishouse, serial_shops,
          nicolae_shop_overgrown_old_shop, gammafunk_ghost_grave, uniq_jessica
D:4:      layout_layer_cave, led_sif_book, nicolae_overflow_hidden_temple,
          serial_shops, nicolae_inconvenience_store

Skill      XL: |  1  2  3  4  5 |
---------------+----------------+-----
Stealth        | 1 |  1.0
Transmutations | 3 4 5 |  5.1
Dodging        | 3 |  3.0
Fighting       | 2 |  2.7
Poison Magic   | 1 |  1.1
Unarmed Combat | |  3.2
Spellcasting   | |  2.9

Action                   |  1- 3 |  4- 6 || total
-------------------------+-------+-------++-------
Melee: Unarmed           |    24 |       ||    24
       Headbutt          |    12 |     6 ||    18
       Dagger            |    56 |    72 ||   128
       Tailslap          |     2 |       ||     2
 Cast: Beastly Appendage |    17 |    12 ||    29
       Wereblood         |     1 |     7 ||     8
  Use: Scroll            |       |     6 ||     6
       Potion            |       |     1 ||     1
 Stab: Sleeping          |     2 |     3 ||     5
Armor: Robe              |     7 |     3 ||    10
       Leather armour    |       |    16 ||    16
       Skin              |       |     5 ||     5
Dodge: Dodged            |    47 |    51 ||    98
